 Dungeon Crawl Stone Soup version 0.25.0-11-g1f837a76a1 (webtiles) character file.

Game seed: 9943245009755126767

0 Flugkiller the Sneak (level 1, -2/9 HPs)
             Began as a Spriggan Enchanter on June 26, 2020.
             Killed by nerve-wracking pain
             ... invoked by Jessica
              (11 damage)
             ... on level 2 of the Dungeon.
             The game lasted 00:00:17 (54 turns).

Flugkiller the Sneak (Spriggan Enchanter)             Turns: 54, Time: 00:00:18

Health: -2/9       AC:  2    Str:  4    XL:     1   Next: 8%
Magic:  3/5        EV: 18    Int: 16    God:
Gold:   8          SH:  0    Dex: 16    Spells: 4/5 levels left

rFire    . . .     SeeInvis +   a - +1 dagger
rCold    . . .     Gourm    .   (shield restricted)
rNeg     . . .     Faith    .   b - +0 robe
rPois    .         Spirit   .   (helmet restricted)
rElec    .         Reflect  .   (no cloak)
rCorr    .         Harm     .   (gloves unavailable)
MR       .....                  (boots unavailable)
Stlth    +++.......             (no amulet)
HPRegen  0.03/turn              (no ring)
MPRegen  0.09/turn              (no ring)

@: very quick
A: very small, unfitting armour, see invisible, herbivore, speed 3, slow
metabolism 2
a: no special abilities


You were on level 2 of the Dungeon.
You were not hungry.

You visited 1 branch of the dungeon, and saw 2 of its levels.

You collected 8 gold pieces.

Inventory:

Hand Weapons
 a - a +1 dagger (weapon)
Armour
 b - a +0 robe (worn)
Scrolls
 c - a scroll of amnesia {unknown}
Comestibles
 d - a ration


   Skills:
 - Level 1.1 Short Blades
 - Level 3.0 Dodging
 + Level 4.5 Stealth
 - Level 2.6 Spellcasting
 - Level 3.6 Hexes


You had 4 spell levels left.
You knew the following spells:

 Your Spells              Type           Power        Failure   Level  Hunger
a - Corona                Hex            ##.....      4%          1    #......

Your spell library contained the following spells:

 Spells                   Type           Power        Failure   Level  Hunger
 Confusing Touch          Hex            ##......     13%         3    ###....
 Tukima's Dance           Hex            ##......     13%         3    ###....
 Ensorcelled Hibernation  Hex/Ice        #.....       14%         2    ##.....
 Dazzling Flash           Conj/Hex       #.....       28%         3    ###....


Dungeon Overview and Level Annotations

Branches:
Dungeon (2/15)

Altars:

Annotations:
D:2 Jessica


Innate Abilities, Weirdness & Mutations

You are very small and have problems with some larger weapons.
You are too small for most types of armour.
You have supernaturally acute eyesight. (SInv)
You are a herbivore.
You cover ground extremely quickly.
You need to consume almost no food.


Message History

Found a scroll labeled VERANOTUOT.
c - a scroll labeled VERANOTUOT
Found 8 gold pieces.
Found a stone staircase leading down.
You now have 8 gold pieces.
Found a stone staircase leading down.
Jessica the Apprentice Sorceress comes into view.
She is carrying a wand of random effects (23).
Jessica shouts!
You hear a shout!
A goblin comes into view. It is wielding a -2 dagger.
Found a ration.
Jessica barely misses you.
You closely miss Jessica.
Jessica mumbles something strange.
Jessica barely misses you.
Jessica casts a spell.
Jessica blinks!
Casting: Corona (safe; 4% risk of failure)
Confirm with . or Enter, or press ? or * to list all spells.
Aiming: Corona (safe; 4% risk of failure)
Press: ? - help, Shift-Dir - straight line, f - goblin
Aim: a goblin, wielding a -2 dagger (chance to defeat MR: 67%)
Okay, then.
Jessica gestures wildly while chanting.
Jessica seems to speed up.
Casting: Corona (safe; 4% risk of failure)
Confirm with . or Enter, or press ? or * to list all spells.
Aiming: Corona (safe; 4% risk of failure)
Press: ? - help, Shift-Dir - straight line, f - goblin
Aim: a goblin, wielding a -2 dagger (chance to defeat MR: 67%)
The goblin is outlined in light.
Jessica very coldly says, "I hate your company."
The goblin closely misses you.
You hit the goblin.
You kill the goblin!
You barely miss Jessica. Jessica barely misses you.
Jessica gestures wildly.
Jessica misses you.
Casting: Corona (safe; 4% risk of failure)
Confirm with . or Enter, or press ? or * to list all spells.
Aiming: Corona (safe; 4% risk of failure)
Press: ? - help, Shift-Dir - straight line, f - Jessica
Aim: Jessica, wearing a +0 robe and carrying a wand of random effects (23) (fast, chance to defeat MR: 58%) Jessica is outlined in light.
Jessica closely misses you.
You hit Jessica.
Jessica is lightly wounded.
Jessica completely misses you.
Jessica points at you and mumbles some strange words.
Pain shoots through your body!
Ouch! That really hurt!
You die...

........# #........#.....
........# #........#.....
........# #........#.....
........# #........#.....
........# #..............
.....>..# #........#.....
........# #....<...#.....
........####........#.....
..%.....@@.#........#.....
........##.###.######.....
#######.##.###.# #.....
##.....#.# ####.#
#...>...# #.....###
#.....# #.....# #.....#


You could see Jessica (fast, corona).

Vanquished Creatures
  A goblin (D:2)
1 creature vanquished.

Notes
Turn   | Place    | Note
-------+----------+-------------------------------------------
     0 | D:1      | Flugkiller the Spriggan Enchanter began the quest for the
                  | Orb.
     0 | D:1      | Reached XP level 1. HP: 9/9 MP: 5/5
    32 | D:2      | Noticed Jessica
    54 | D:2      | Killed from afar by Jessica

Illustrated notes

Levels and vault maps discovered:
D:1:      dpeg_arrival_caged_fury, layout_basic
D:2:      layout_basic, minitemple, first_ration, uniq_jessica

Action                   || total
-------------------------++-------
Melee: Dagger            ||     4
 Cast: Corona            ||     2
Dodge: Dodged            ||     7
